 Dungeon Crawl Stone Soup version 0.21-a0-39-g28ea6b7 (webtiles) character file.

353521 TheGoonsmith the Severer (level 21, -3/190 HPs)
             Began as a Demonspawn Gladiator on May 30, 2017.
             Was the Champion of Nemelex Xobeh.
             Slain by a juggernaut (43 damage)
             ... on level 2 of the Depths.
             The game lasted 02:19:11 (48924 turns).

TheGoonsmith the Severer (Demonspawn Gladiator)    Turns: 48924, Time: 02:19:11

Health: -3/190     AC: 39    Str: 28    XL:     21   Next: 33%
Magic:  0/35       EV: 26    Int: 15    God:    Nemelex Xobeh [******]
Gold:   2330       SH:  0    Dex: 26    Spells: 20/24 levels left

rFire    + + .     SeeInvis .   t - +6 battleaxe (freeze)
rCold    + + +     Gourm    .   (shield currently unavailable)
rNeg     . . .     Faith    .   Q - +8 storm dragon scales of the Pit {rElec rC++ Regen+ Str+4}
rPois    .         Spirit   +   y - +1 helmet "Danerpha" {Str+4 Slay+2}
rElec    +         Reflect  .   b - scarf {rC+ rF+}
rCorr    .         Harm     .   (gloves unavailable)
MR       ++...                  C - +2 pair of boots
Stlth    ..........             K - amulet of regeneration
Regen    1.3/turn               R - ring "Vudupul" {rF+ Int+4 Dex+3}
MPRegen  0.5/turn               n - ring of protection from magic

@: agile, sanguine armour
A: claws 3, foul stench 1, robust 1, magic shield, magic regeneration, magic
link, rot immunity, sanguine armour 2
}: 2/15 runes: decaying, gossamer
a: Triple Draw, Deal Four, Stack Five, Renounce Religion


You were on level 2 of the Depths.
You worshipped Nemelex Xobeh.
Nemelex Xobeh was exalted by your worship.
You were not hungry.

You visited 8 branches of the dungeon, and saw 38 of its levels.
You also visited: Labyrinth, Sewer, Ice Cave and Volcano.

You collected 4756 gold pieces.
You spent 2426 gold pieces at shops.

Inventory:

Hand Weapons
 t - a +6 battleaxe of freezing (weapon)
Missiles
 d - 3 throwing nets (quivered)
Armour
 b - a scarf of resistance (worn)
 y - the +1 helmet "Danerpha" (worn) {Str+4 Slay+2}
   (You found it in a volcano)

   It affects your strength (+4).
   It affects your accuracy and damage with ranged weapons and melee attacks
   (+2).
 C - a +2 pair of boots (worn)
 Q - the +8 storm dragon scales of the Pit (worn) {rElec rC++ Regen+ Str+4}
   (You took it off a minotaur in a labyrinth)

   It affects your strength (+4).
   It greatly protects you from cold.
   It insulates you from electricity.
   It increases your rate of regeneration.
Jewellery
 n - a ring of protection from magic (right claw)
 K - an amulet of regeneration (around neck)
 R - a ring "Vudupul" (left claw) {rF+ Int+4 Dex+3}
   (You found it on level 4 of the Vaults)

   [ring of protection from fire]

   It affects your intelligence (+4).
   It affects your dexterity (+3).
   It protects you from fire.
Scrolls
 j - 23 scrolls of teleportation
 k - a scroll of summoning
 o - 14 scrolls of remove curse
 p - 6 scrolls of fog
 r - 8 scrolls of identify
 w - 6 scrolls of blinking
 x - 9 scrolls of fear
 J - 4 scrolls of magic mapping
 X - 4 scrolls of silence
Potions
 g - 8 potions of heal wounds
 h - 12 potions of curing
 i - 5 potions of agility
 s - 8 potions of berserk rage
 z - 2 potions of invisibility
 B - 7 potions of might
 L - 6 potions of flight
 S - 2 potions of resistance
 U - 7 potions of cancellation
 V - 3 potions of haste
Miscellaneous
 f - an ornate deck of escape {drawn: 1}
 l - an ornate deck of destruction
 m - an ornate deck of summoning {drawn: 1}
 q - a legendary deck of destruction
 D - a legendary deck of destruction
 E - an ornate deck of escape
 F - an ornate deck of destruction
 G - a plain deck of escape
 H - an ornate deck of summoning {drawn: 2}
 I - a legendary deck of summoning
 M - an ornate deck of destruction
 N - a legendary deck of destruction
 O - a plain deck of summoning
 P - a legendary deck of destruction
 T - an ornate deck of summoning
 Y - an ornate deck of destruction
Comestibles
 a - a bread ration
 u - 15 meat rations
 v - 6 fruits
 A - 4 chunks of flesh
 W - 4 royal jellies


   Skills:
 - Level 16.9 Fighting
 - Level 20.0 Axes
 - Level 1.7 Throwing
 - Level 14.1 Armour
 - Level 13.3 Dodging
 + Level 2.4 Spellcasting
 + Level 5.6 Translocations
 - Level 20.0 Invocations


You had 20 spell levels left.
You knew the following spells:

 Your Spells              Type           Power        Failure   Level  Hunger
a - Blink                 Tloc           N/A          11%         2    ###....
b - Swiftness             Chrm/Air       #.......     75%         2    ###....


Dungeon Overview and Level Annotations

Branches:
Dungeon (15/15)            Temple (1/1) D:6            Lair (6/6) D:8
  Swamp (4/4) Lair:4       Spider (4/4) Lair:3        Slime (0/5) Lair:5
    Orc (2/2) D:10            Elf (0/3) Orc:2        Vaults (4/5) D:13
  Crypt (0/3) Vaults:2     Depths (2/5) D:15

Altars:
Ashenzari
Cheibriados
Dithmenos
Elyvilon
Fedhas
Gozag
Hepliaklqana
Kikubaaqudgha
Makhleb
Nemelex Xobeh
Okawaru
Qazlal
Ru
Sif Muna
Trog
Uskayaw
Vehumet
Wu Jian
Xom
Yredelemnul
Zin
The Shining One
Beogh

Shops:
D:4 ?   D:5 %?!   Orc:2 ?%**

Portals:
Hell: Depths:1 Depths:2


Innate Abilities, Weirdness & Mutations

You have claws for hands.
You may emit foul miasma when damaged in melee.
You are robust. (+10% HP)
When hurt, damage is shared between your health and your magic reserves.
You regenerate magic rapidly.
When low on magic, you restore magic in place of health.
You are immune to rotting.
When seriously injured, your bleeding wounds create thick armour. (AC +9)


Message History

* * * LOW HITPOINT WARNING * * *
The juggernaut hits you!
* * * LOW HITPOINT WARNING * * *
The ancient lich touches you but does no damage.
An ice dragon comes into view.
The ice dragon roars deafeningly!
You hear a shout!
The ancient lich touches you but does no damage.
The ice dragon moves out of view.
The ancient lich touches you but does no damage.
You can move again.
You feel much better.
The ancient lich touches you but does no damage.
Unknown command.
Evoke which item? (* to show all) (? for menu, Esc to quit)
You draw a card...
It is the Elements.
The ancient lich touches you but does no damage.
The juggernaut is engulfed in dark miasma.
The juggernaut looks even sicker.
The juggernaut hits you!!!
You die...
Your body glows with a rainbow of weird colours and disappears.

##.##...###...###...###...# ..##
........#...#........# .##
#.....#.....#.....#.. ##
#.....#.....#.....# . #
#.....#(.)..#.....#.
.....#.#([.#.#.....#
..###.([###h..###..#
.#...#.#9(.#.#...#.#
#.....#(<.@§#.....#. #
#.....#..^LC#.....### #
#.....#(<§Y.#.....#.####### ##
#.#...#.#...#.#...#.#∩...... .##
.#..###...###...###..#...>..#
..#..#.....#.#...#.#.....#...LC##
..#...#.....#.....#.....#⌠.>..###
..##..#.....#.....#.....#....#..#
...#..#.....#.....#.....#.#.#...#


You could see a juggernaut, an ancient lich, a friendly catoblepas, a friendly
polar bear and a friendly molten gargoyle.

Vanquished Creatures
  Rupert (Spider:1)
  Asterion (Vaults:2)
  A quicksilver dragon (Depths:2)
  3 sphinxes
  3 thorn hunters
  The ghost of craggadee the Warrior, an adept MiBe of Trog (Spider:2)
  A tengu reaver (Vaults:4)
  2 fire giants
  A revenant (Vaults:2)
  3 frost giants
  5 ghost moths
  8 vault wardens
  3 deep elf sorcerers
  A ghoul (Swamp:2)
  A deep elf elementalist (Depths:2)
  Louise (Spider:1)
  10 ironheart preservers
  4 emperor scorpions (Spider:4)
  2 very ugly things (Vaults:2)
  Nessos (D:14)
  9 stone giants
  5 entropy weavers
  A vampire knight (Depths:2)
  A deep elf demonologist (Vaults:4)
  Azrael (D:13)
  A spark wasp (Spider:4)
  5 ettins
  A merfolk javelineer (Depths:1)
  An eidolon (Vaults:2)
  A fire dragon (Depths:2)
  2 deep elf death magi
  Josephine (Spider:1)
  2 merfolk impalers (Depths:1)
  A minotaur (Lab)
  4 great orbs of eyes
  4 yaktaur captains
  2 catoblepae (Lair:6)
  A spriggan air mage (Depths:2)
  12 vault guards
  2 ghost crabs (Swamp:4)
  14 hydras
  3 rakshasas
  Erica (D:10)
  6 ice dragons
  12 alligators
  A death knight (Vaults:3)
  14 centaur warriors
  A tengu warrior (Depths:1)
  8 ogre magi
  3 death yaks (Lair:6)
  3 vampire magi (Depths:2)
  33 two-headed ogres
  The ghost of TheGoonsmith the Basher, a journeyman VSBe of Trog (Lair:1)
  3 orc high priests (Orc:2)
  Sonja (D:15)
  3 deep elf knights (Vaults:2)
  4 shadow wraiths
  5 spriggans (Swamp:2)
  2 fire crabs (shapeshifter)
  3 deep elf archers
  9 deep trolls
  10 wizards
  8 swamp dragons
  2 unseen horrors
  2 spriggan druids
  2 flayed ghosts (Depths:2)
  A lindwurm (Volcano)
  A phantasmal warrior (Depths:2)
  A necromancer (Depths:2)
  5 glowing orange brains
  11 deep elf magi
  8 ironbrand convokers
  A lindwurm (shapeshifter) (D:15)
  14 orb spiders
  Pikel (D:9)
  12 orc knights
  57 ugly things
  An orb spider (shapeshifter) (Vaults:1)
  3 orc sorcerers
  27 wolf spiders
  12 harpies
  A manticore (D:13)
  A manticore (shapeshifter) (Vaults:3)
  An elephant (shapeshifter) (Vaults:2)
  A moth of wrath (Spider:3)
  8 elephants
  Psyche (D:10)
  A black mamba (shapeshifter) (Depths:2)
  A torpor snail (Spider:2)
  An ice statue (IceCv)
  8 cyclopes
  3 centaur zombies
  7 vault sentinels
  3 rime drakes
  3 gargoyles
  4 kobold demonologists
  14 spiny frogs
  A spiny frog (shapeshifter) (Depths:1)
  A rime drake (shapeshifter) (Vaults:4)
  An efreet (D:15)
  38 yaktaurs
  5 freezing wraiths
  8 komodo dragons
  10 demonic crawlers
  A queen bee (Lair:2)
  16 polar bears
  A queen bee (shapeshifter) (D:13)
  3 meliai
  A polar bear (shapeshifter) (Depths:2)
  28 jumping spiders
  13 hornets
  9 trolls
  8 tyrant leeches
  A dream sheep (shapeshifter) (Depths:2)
  13 hippogriffs
  23 bog bodies
  30 slime creatures
  14 blink frogs
  36 tarantellas
  A centaur simulacrum (D:15)
  3 air elementals (Depths:2)
  68 redbacks
  3 shadows
  A tarantella (shapeshifter) (Depths:2)
  6 wyverns
  A human (D:13)
  5 fire elementals (D:13)
  A yak (shapeshifter) (Vaults:4)
  4 water elementals (Depths:1)
  A basilisk (shapeshifter) (Vaults:3)
  54 yaks
  5 wraiths
  10 basilisks
  2 hogs (shapeshifter)
  A human (shapeshifter) (D:15)
  A fire bat (Volcano)
  Grum (D:9)
  26 vampire mosquitoes
  A steam dragon (Volcano)
  4 wargs
  27 swamp worms
  5 acid dragons
  14 insubstantial wisps
  3 hell hounds
  A soldier ant (D:15)
  17 water moccasins
  3 porcupines
  An ice beast (D:12)
  11 swamp drakes
  48 orc warriors
  A sky beast (D:13)
  An eye of draining (D:9)
  4 black bears
  14 boggarts
  5 necrophages
  29 ogres
  9 centaurs
  22 wolves
  10 crocodiles
  2 big kobolds (D:12)
  Blork the orc (D:4)
  15 bullfrogs
  Dowan (D:4)
  3 scorpions
  A killer bee (shapeshifter) (Depths:2)
  29 killer bees
  7 wights
  2 howler monkeys
  4 electric eels
  5 crimson imps
  2 bullfrog zombies
  A quasit (D:13)
  6 centaur skeletons
  2 jellies
  30 orc wizards
  26 orc priests
  7 hounds
  4 bullfrog skeletons
  Jessica (D:3)
  5 hell rats
  Ijyb (D:3)
  4 iguanas
  11 worker ants
  2 hound zombies
  2 worker ant zombies (D:7)
  A howler monkey skeleton (D:7)
  A howler monkey zombie (D:7)
  8 gnolls
  22 adders
  4 river rats (Lair:6)
  4 shadow imps
  An ooze (Orc:2)
  An adder skeleton (D:9)
  3 worms
  3 dart slugs
  3 leopard geckos
  105 orcs
  5 giant cockroaches
  8 hobgoblins
  13 jackals
  11 kobolds
  3 quokkas
  A ball python (D:5)
  8 bats
  10 frilled lizards
  11 goblins
  A leopard gecko skeleton (D:8)
  A quokka skeleton (D:7)
  12 rats
  18 briar patches (Swamp:2)
  5 fungi
  8 plants
1607 creatures vanquished.

Vanquished Creatures (collateral kills)
  the Lernaean hydra (Swamp:4)
  A caustic shrike (Depths:2)
  Arachne (Spider:2)
  Jory (Vaults:4)
  A titan (Depths:2)
  A thorn hunter (Swamp:4)
  The ghost of enarc13 the Lord of Darkness, an adept DDNe of Kikubaaqudgha (Spider:3)
  The ghost of mhoghedin the Severer, an adept MiGl of Dithmenos (D:15)
  The ghost of Duelies the Cleaver, an adept DsFi of Okawaru (Depths:1)
  A frost giant (Depths:2)
  3 emperor scorpions
  3 very ugly things (Depths:1)
  The ghost of TheGoonsmith the Bludgeoner, a journeyman GrGl of Qazlal (Orc:2)
  7 slime creatures (Depths:2)
  A vampire knight (Depths:2)
  A white draconian (IceCv)
  A dire elephant (Lair:6)
  4 spark wasps
  A deep elf annihilator (Depths:2)
  The ghost of MatthieuS the Black Belt, a journeyman HuMo of Makhleb (Lair:4)
  The ghost of azrac the Cleaver, a journeyman FoFi of Qazlal (Volcano)
  A great orb of eyes (Vaults:3)
  2 ice dragons
  4 hydras (Swamp:4)
  2 deep troll shamans
  2 orc high priests (Orc:2)
  A deep troll earth mage (Depths:2)
  The ghost of Jienny the Spear-Bearer, a novice HuFi of Okawaru (D:7)
  A hell knight (Depths:2)
  A fire crab (Volcano)
  A death drake (shapeshifter) (Vaults:4)
  A flayed ghost (Vaults:3)
  5 swamp dragons
  A wizard (Depths:2)
  3 orc knights (Orc:2)
  2 wolf spiders
  2 orb spiders (Spider:1)
  3 ugly things (Depths:1)
  2 elephants (Lair:6)
  2 spiny frogs
  A rime drake (IceCv)
  A demonic crawler (Spider:1)
  A komodo dragon (Lair:3)
  A meliai (Spider:3)
  3 polar bears
  A jumping spider (Spider:1)
  4 hornets
  3 bog bodies (Swamp:4)
  2 blink frogs (Lair:2)
  2 spriggans (Swamp:4)
  A water elemental (Depths:1)
  2 redbacks
  4 yaks
  2 tarantellas
  A human (Lair:1)
  A hungry ghost (D:7)
  2 fire bats (Volcano)
  2 steam dragons (Volcano)
  A hell hound (Volcano)
  3 water moccasins
  Duvessa (D:4)
  2 swamp drakes (Swamp:4)
  2 orc warriors (Orc:2)
  A boggart (Depths:2)
  2 ogres
  4 wolves
  A scorpion (Lair:1)
  4 killer bees (Lair:2)
  2 howler monkeys (D:7)
  2 orc priests (Orc:2)
  10 orcs
  A plant (Swamp:4)
141 creatures vanquished.

Vanquished Creatures (others)
  A fire giant (Depths:2)
  A deep elf death mage (Vaults:2)
  A death yak (Lair:6)
  2 flayed ghosts (Depths:2)
  2 orb spiders (Spider:1)
  Joseph (D:9)
  A polar bear (IceCv)
  2 yaks (IceCv)
  A tarantella (Spider:4)
  2 slaves (D:9)
  3 wolves (IceCv)
  A wight (D:9)
  An adder (D:9)
  3 ball lightnings
  A leopard gecko (D:9)
  An orc (Vaults:2)
  2 jackals (D:9)
  A briar patch (Swamp:2)
  A bush (Swamp:4)
  12 fungi
  9 plants
  6 toadstools (Swamp:2)
55 creatures vanquished.

Grand Total: 1803 creatures vanquished

Notes
Turn   | Place    | Note
-------+----------+-------------------------------------------
     0 | D:1      | TheGoonsmith the Demonspawn Gladiator began the quest for the Orb.
     0 | D:1      | Reached XP level 1. HP: 16/16 MP: 1/1
    89 | D:1      | Gained mutation: You are immune to rotting. [demonic ancestry]
    89 | D:1      | Reached XP level 2. HP: 21/23 MP: 2/2
   323 | D:1      | Gained mutation: You may emit foul miasma when damaged in melee. [demonic ancestry]
   323 | D:1      | Reached XP level 3. HP: 23/28 MP: 3/3
  1044 | D:2      | Gained mutation: You have sharp fingernails. [demonic ancestry]
  1044 | D:2      | Reached XP level 4. HP: 35/35 MP: 4/4
  1597 | D:3      | Noticed Jessica
  1769 | D:3      | Killed Jessica
  1769 | D:3      | Reached XP level 5. HP: 41/41 MP: 5/5
  1790 | D:3      | Noticed Ijyb
  1803 | D:3      | Killed Ijyb
  2221 | D:3      | Reached skill level 5 in Axes
  2562 | D:3      | Found a sacrificial altar of Ru.
  2562 | D:3      | Found a deep blue altar of Sif Muna.
  2562 | D:3      | Found a glowing golden altar of the Shining One.
  2562 | D:3      | Found a bloodstained altar of Trog.
  2568 | D:3      | Found a glowing silver altar of Zin.
  2568 | D:3      | Found a sparkling altar of Nemelex Xobeh.
  2579 | D:3      | Became a worshipper of Nemelex Xobeh the Trickster
  2649 | D:4      | Received a gift from Nemelex Xobeh
  2739 | D:4      | Noticed Blork the orc
  2753 | D:4      | Killed Blork the orc
  2753 | D:4      | Reached XP level 6. HP: 13/48 MP: 6/6
  3010 | D:4      | Found Ireskyto's Magic Scroll Boutique.
  3026 | D:4      | Bought a scroll of blinking for 82 gold pieces
  3026 | D:4      | Bought a scroll of teleportation for 33 gold pieces
  3026 | D:4      | Bought a scroll of identify for 22 gold pieces
  3521 | D:4      | Reached skill level 1 in Invocations
  3708 | D:4      | Noticed Duvessa
  3710 | D:4      | Noticed Dowan
  3729 | D:4      | Killed Duvessa
  3730 | D:4      | Killed Dowan
  3730 | D:4      | Gained mutation: When seriously injured, your bleeding wounds create armour. (AC +9) [demonic ancestry]
  3730 | D:4      | Reached XP level 7. HP: 55/55 MP: 8/8
  3969 | D:4      | Reached skill level 5 in Fighting
  3972 | D:4      | Reached * piety under Nemelex Xobeh
  4234 | D:4      | Got a twisted hand axe
  4236 | D:4      | Identified the +6 hand axe of Foxzas {holy, rElec Int+3} (You found it on level 4 of the Dungeon)
  4253 | D:5      | Entered Level 5 of the Dungeon
  4386 | D:5      | Found Femewyfe's Food Emporium.
  4407 | D:5      | Found a glowing drain.
  4533 | Sewer    | Entered a sewer
  4856 | D:5      | Found a burning altar of Makhleb.
  4856 | D:5      | Noticed a green death
  4859 | D:5      | Noticed an orange demon
  4859 | D:5      | Noticed a ynoxinul
  4932 | D:5      | Reached ** piety under Nemelex Xobeh
  4941 | D:5      | Found a shadowy altar of Dithmenos.
  5176 | D:5      | Received a gift from Nemelex Xobeh
  5177 | D:5      | Found Cixyim's Distillery.
  5188 | D:5      | Found Vialem's Magic Scroll Boutique.
  5203 | D:5      | Reached XP level 8. HP: 53/63 MP: 11/11
  5212 | D:5      | Identified Keixilocui's Compendium of Flight and Conjuration
  5277 | D:5      | Found an ancient bone altar of Kikubaaqudgha.
  5510 | D:6      | Found a staircase to the Ecumenical Temple.
  5519 | Temple   | Entered the Ecumenical Temple
  5876 | D:6      | Noticed Pikel
  5880 | D:6      | You fall through a shaft!
  5896 | D:7      | Received a gift from Nemelex Xobeh
  5967 | D:7      | Noticed Jienny's ghost (novice HuFi)
  5974 | D:7      | Reached skill level 5 in Invocations
  6000 | D:7      | Killed Jienny's ghost
  6208 | D:7      | Found a shimmering altar of Xom.
  6208 | D:7      | Noticed a two-headed ogre
  6217 | D:7      | Killed a two-headed ogre
  6217 | D:7      | Reached XP level 9. HP: 27/71 MP: 12/14
  6464 | D:7      | Received a gift from Nemelex Xobeh
  6769 | D:7      | Reached *** piety under Nemelex Xobeh
  7494 | D:6      | Found a faded altar of an unknown god.
  7494 | D:6      | Found a basalt altar of Yredelemnul.
  7504 | D:6      | Found a stormy altar of Qazlal.
  7517 | D:6      | Found a hide-covered altar of Uskayaw.
  7523 | D:6      | Found an iron altar of Okawaru.
  7922 | D:8      | Found a hazy altar of Hepliaklqana.
  8025 | D:8      | Received a gift from Nemelex Xobeh
  8027 | D:8      | Found a staircase to the Lair.
  8398 | D:8      | Received a gift from Nemelex Xobeh
  8446 | D:9      | Killed Pikel
  8448 | D:9      | Reached skill level 10 in Axes
  8647 | D:9      | Reached XP level 10. HP: 80/80 MP: 16/16
  8927 | D:9      | Reached **** piety under Nemelex Xobeh
  8948 | D:9      | Noticed Joseph
  8960 | D:9      | Killed Joseph
  8966 | D:9      | Noticed Grum
  8975 | D:9      | Killed Grum
  8985 | D:9      | Received a gift from Nemelex Xobeh
  9380 | D:9      | Noticed a two-headed ogre
  9388 | D:9      | Killed a two-headed ogre
  9703 | D:10     | Entered Level 10 of the Dungeon
  9810 | D:10     | Noticed Erica
  9856 | D:10     | Noticed Psyche
  9868 | D:10     | Killed Psyche
 10017 | D:10     | Killed Erica
 10017 | D:10     | Reached skill level 10 in Invocations
 10258 | D:10     | Received a gift from Nemelex Xobeh
 10411 | D:10     | Found a staircase to the Orcish Mines.
 10640 | D:10     | Found a roughly hewn altar of Beogh.
 10798 | D:10     | Gained mutation: When hurt, damage is shared between your health and your magic reserves. [demonic ancestry]
 10798 | D:10     | Reached XP level 11. HP: 71/89 MP: 18/18
 10868 | D:10     | Paralysed by a hornet for 2 turns
 11169 | Orc:1    | Entered Level 1 of the Orcish Mines
 11198 | Orc:1    | Noticed a two-headed ogre
 11204 | Orc:1    | Killed a two-headed ogre
 11204 | Orc:1    | Reached skill level 1 in Armour
 11539 | D:5      | Bought a scroll of acquirement for 676 gold pieces
 11541 | D:5      | Got a slimy executioner's axe
 11542 | D:5      | Identified the +0 executioner's axe "Heafido" {drain, rF+ rN+ MR-} (You acquired it on level 5 of the Dungeon)
 11622 | Lair:1   | Entered Level 1 of the Lair of Beasts
 11635 | Lair:1   | Learned a level 2 spell: Blink
 11774 | Lair:1   | Noticed TheGoonsmith's ghost (journeyman VSBe)
 11795 | Lair:1   | Killed TheGoonsmith's ghost
 12346 | Lair:1   | Received a gift from Nemelex Xobeh
 12349 | Lair:1   | Noticed an eight-headed hydra
 12359 | Lair:1   | Killed a five-headed hydra
 13027 | Lair:2   | Found a frozen archway.
 13059 | IceCv    | Entered an ice cave
 13696 | IceCv    | HP: 2/89 [ice statue] (25)]
 14622 | IceCv    | Gained mutation: When seriously injured, your bleeding wounds create thick armour. (AC +9) [demonic ancestry]
 14622 | IceCv    | Reached XP level 12. HP: 75/95 MP: 20/20
 14988 | IceCv    | Reached skill level 5 in Armour
 16135 | IceCv    | Noticed a white draconian
 16170 | IceCv    | Killed a white draconian
 16282 | IceCv    | Received a gift from Nemelex Xobeh
 16719 | Lair:2   | Reached ***** piety under Nemelex Xobeh
 18489 | Lair:2   | Reached XP level 13. HP: 71/101 MP: 22/22
 18546 | Lair:3   | Received a gift from Nemelex Xobeh
 19054 | Lair:3   | Found a hole to the Spider Nest.
 19184 | Lair:3   | Received a gift from Nemelex Xobeh
 19494 | Lair:4   | Received a gift from Nemelex Xobeh
 19547 | Lair:4   | Found a dark tunnel.
 19557 | Volcano  | Entered a volcano
 19647 | Volcano  | Noticed azrac's ghost (journeyman FoFi)
 19665 | Volcano  | Killed azrac's ghost
 20167 | Volcano  | Got a translucent helmet
 20179 | Volcano  | Identified the +1 helmet "Danerpha" {Str+4 Slay+2} (You found it in a volcano)
 20364 | Lair:4   | Noticed MatthieuS's ghost (journeyman HuMo)
 20373 | Lair:4   | Killed MatthieuS's ghost
 20373 | Lair:4   | Reached skill level 15 in Axes
 21150 | Lair:4   | Received a gift from Nemelex Xobeh
 21191 | Lair:4   | Found a staircase to the Swamp.
 21382 | Lair:5   | Found a staircase to the Slime Pits.
 21398 | Lair:5   | Received a gift from Nemelex Xobeh
 21469 | Lair:5   | Reached ****** piety under Nemelex Xobeh
 21556 | Lair:5   | Received a gift from Nemelex Xobeh
 21852 | Lair:5   | Received a gift from Nemelex Xobeh
 21895 | Lair:6   | Entered Level 6 of the Lair of Beasts
 21932 | Lair:5   | HP: 5/101 [poisoned by a spiny frog]
 21939 | Lair:5   | HP: 4/101 [poisoned by a spiny frog]
 21946 | Lair:5   | HP: 4/101 [poisoned by a spiny frog]
 21954 | Lair:5   | HP: 4/101 [poisoned by a spiny frog]
 23081 | Lair:6   | Reached skill level 10 in Fighting
 23546 | Lair:6   | Gained mutation: You have very sharp fingernails. [demonic ancestry]
 23546 | Lair:6   | Reached XP level 14. HP: 102/111 MP: 23/23
 23602 | Lair:6   | Received a gift from Nemelex Xobeh
 23727 | Lair:6   | Got a crude ring mail
 23729 | Lair:6   | Identified the +4 ring mail "Rekk" {rN+ Int+4} (You found it on level 6 of the Lair of Beasts)
 24185 | Orc:1    | Found a roughly hewn altar of Beogh.
 24467 | Orc:2    | Entered Level 2 of the Orcish Mines
 24711 | Orc:2    | Found a staircase to the Elven Halls.
 24712 | Orc:2    | Found a bloodstained altar of Trog.
 24941 | Orc:2    | Received a gift from Nemelex Xobeh
 24973 | Orc:2    | Noticed TheGoonsmith's ghost (journeyman GrGl)
 24990 | Orc:2    | Killed TheGoonsmith's ghost
 26182 | Orc:2    | Found Jair's General Store.
 26185 | Orc:2    | Found Awkaf's Food Shoppe.
 26186 | Orc:2    | Found Dyrranele's General Store.
 26187 | Orc:2    | Found Ditumpi's Magic Scroll Emporium.
 26533 | D:4      | Bought a scroll of brand weapon for 220 gold pieces
 26534 | D:4      | Bought a scroll of enchant armour for 82 gold pieces
 26534 | D:4      | Bought a scroll of enchant armour for 82 gold pieces
 26534 | D:4      | Bought a scroll of magic mapping for 38 gold pieces
 26585 | D:5      | Bought a scroll of teleportation for 39 gold pieces
 26585 | D:5      | Bought a scroll of enchant armour for 97 gold pieces
 26585 | D:5      | Bought 3 scrolls of teleportation for 117 gold pieces
 26585 | D:5      | Bought a scroll of identify for 26 gold pieces
 26585 | D:5      | Bought a scroll of identify for 26 gold pieces
 26585 | D:5      | Bought a scroll of blinking for 97 gold pieces
 26585 | D:5      | Bought a scroll of fear for 45 gold pieces
 26848 | Orc:2    | Bought a scroll of identify for 32 gold pieces
 26848 | Orc:2    | Bought a scroll of enchant weapon for 120 gold pieces
 26848 | Orc:2    | Bought a scroll of identify for 32 gold pieces
 26848 | Orc:2    | Bought a scroll of brand weapon for 320 gold pieces
 26848 | Orc:2    | Bought a scroll of enchant armour for 120 gold pieces
 26848 | Orc:2    | Bought a scroll of enchant armour for 120 gold pieces
 27587 | D:11     | Received a gift from Nemelex Xobeh
 28308 | D:12     | Received a gift from Nemelex Xobeh
 28817 | D:12     | Received a gift from Nemelex Xobeh
 28991 | D:13     | Found a labyrinth entrance.
 29036 | D:13     | Learned a level 2 spell: Swiftness
 29042 | Lab      | Entered a labyrinth
 29390 | Lab      | Got scorched storm dragon scales
 29418 | Lab      | Identified the +8 storm dragon scales of the Pit {rElec rC++ Regen+ Str+4} (You took it off a minotaur in a labyrinth)
 29778 | D:13     | Gained mutation: You regenerate magic rapidly. [demonic ancestry]
 29778 | D:13     | Reached XP level 15. HP: 119/120 MP: 22/24
 29835 | D:13     | Reached skill level 5 in Dodging
 29863 | D:13     | Found a gate to the Vaults.
 29950 | D:13     | Received a gift from Nemelex Xobeh
 29992 | D:13     | Noticed Azrael
 30010 | D:13     | Killed Azrael
 30780 | D:14     | Noticed Nessos
 30792 | D:14     | Killed Nessos
 30956 | D:15     | Entered Level 15 of the Dungeon
 31018 | D:15     | Received a gift from Nemelex Xobeh
 31431 | D:15     | Noticed Sonja
 31437 | D:15     | Killed Sonja
 31473 | D:15     | Noticed mhoghedin's ghost (adept MiGl)
 31490 | D:15     | Killed mhoghedin's ghost
 31781 | D:15     | Found a staircase to the Depths.
 31790 | D:15     | Gained mutation: When low on magic, you restore magic in place of health. [demonic ancestry]
 31790 | D:15     | Reached XP level 16. HP: 129/129 MP: 26/26
 31850 | D:15     | Received a gift from Nemelex Xobeh
 31869 | D:15     | Found a deep blue altar of Sif Muna.
 32124 | Spider:1 | Entered Level 1 of the Spider Nest
 32164 | Spider:1 | Noticed Josephine
 32167 | Spider:1 | Killed Josephine
 32460 | Spider:1 | Noticed Louise
 32474 | Spider:1 | Killed Louise
 32557 | Spider:1 | Noticed Rupert
 32567 | Spider:1 | Killed Rupert
 33002 | Spider:1 | Received a gift from Nemelex Xobeh
 33437 | Spider:2 | Noticed craggadee's ghost (adept MiBe)
 33456 | Spider:2 | Killed craggadee's ghost
 34164 | Spider:3 | Noticed enarc13's ghost (adept DDNe)
 34382 | Spider:3 | Reached skill level 15 in Invocations
 34410 | Spider:3 | Received a gift from Nemelex Xobeh
 34414 | Spider:3 | Noticed Arachne
 34897 | Spider:2 | Killed Arachne
 34897 | Spider:2 | Reached skill level 10 in Armour
 35087 | Spider:3 | Killed enarc13's ghost
 35539 | Spider:4 | Entered Level 4 of the Spider Nest
 35643 | Spider:4 | Reached XP level 17. HP: 71/137 MP: 21/28
 35942 | Spider:4 | Received a gift from Nemelex Xobeh
 36861 | Spider:4 | Got a gossamer rune of Zot
 37191 | Swamp:1  | Entered Level 1 of the Swamp
 37502 | Swamp:1  | Received a gift from Nemelex Xobeh
 38167 | Swamp:2  | Received a gift from Nemelex Xobeh
 38782 | Swamp:2  | Received a gift from Nemelex Xobeh
 39264 | Swamp:3  | Reached XP level 18. HP: 137/146 MP: 28/30
 39645 | Swamp:4  | Entered Level 4 of the Swamp
 39645 | Swamp:4  | Received a gift from Nemelex Xobeh
 40311 | Swamp:4  | Noticed the 27-headed Lernaean hydra
 40323 | Swamp:4  | Killed the 22-headed Lernaean hydra
 40346 | Swamp:4  | Got a decaying rune of Zot
 40349 | Swamp:4  | Got a pair of pitted boots
 40350 | Swamp:4  | Identified the cursed +0 pair of boots of Birphagg {Dex+2} (You found it on level 4 of the Swamp)
 40590 | Swamp:2  | Reached skill level 10 in Dodging
 40903 | Vaults:1 | Entered Level 1 of the Vaults
 41051 | Vaults:1 | Received a gift from Nemelex Xobeh
 41782 | Vaults:1 | Received a gift from Nemelex Xobeh
 41897 | Vaults:1 | Received a gift from Nemelex Xobeh
 42093 | Vaults:2 | Received a gift from Nemelex Xobeh
 42105 | Vaults:2 | Paralysed by an ogre mage for 2 turns
 42118 | Vaults:2 | Reached skill level 15 in Fighting
 42256 | Vaults:2 | Gained mutation: You have claws for hands. [demonic ancestry]
 42256 | Vaults:2 | Reached XP level 19. HP: 155/155 MP: 31/31
 42616 | Vaults:2 | Noticed Asterion
 42626 | Vaults:2 | Killed Asterion
 42822 | Vaults:2 | Received a gift from Nemelex Xobeh
 43074 | Vaults:2 | Found a staircase to the Crypt.
 43592 | Vaults:3 | Received a gift from Nemelex Xobeh
 44488 | Vaults:3 | Got a jewelled scale mail
 44489 | Vaults:3 | Identified the +1 scale mail of Iqaniozu {rC++} (You found it on level 3 of the Vaults)
 44827 | Vaults:3 | Reached XP level 20. HP: 160/164 MP: 31/33
 45339 | Vaults:4 | Received a gift from Nemelex Xobeh
 45484 | Vaults:4 | Noticed Jory
 45531 | Vaults:4 | Killed Jory
 45751 | Vaults:4 | Received a gift from Nemelex Xobeh
 45834 | Vaults:4 | Got a smoking golden ring
 45847 | Vaults:4 | Received a gift from Nemelex Xobeh
 45849 | Vaults:4 | Identified a ring "Vudupul" {rF+ Int+4 Dex+3} (You found it on level 4 of the Vaults)
 46113 | Vaults:4 | Received a gift from Nemelex Xobeh
 46434 | Vaults:4 | Received a gift from Nemelex Xobeh
 46784 | Depths:1 | Entered Level 1 of the Depths
 46880 | Depths:1 | Found a gateway to Hell.
 47011 | Depths:1 | Noticed Duelies's ghost (adept DsFi)
 47034 | Depths:1 | Killed Duelies's ghost
 48064 | Depths:2 | Gained mutation: You are robust. (+10% HP) [demonic ancestry]
 48064 | Depths:2 | Reached XP level 21. HP: 50/190 MP: 25/35
 48265 | Depths:2 | Received a gift from Nemelex Xobeh
 48330 | Depths:2 | Reached skill level 1 in Translocations
 48339 | Depths:2 | Noticed a caustic shrike
 48358 | Depths:2 | HP: 3/190 [deep elf sorcerer/damnation (12)]
 48361 | Depths:2 | Killed a caustic shrike
 48618 | Depths:2 | Reached skill level 1 in Spellcasting
 48665 | Depths:2 | Reached skill level 5 in Translocations
 48767 | Depths:2 | Noticed a juggernaut
 48770 | Depths:2 | Noticed an ancient lich
 48916 | Depths:2 | Paralysed by an ancient lich for 7 turns
 48924 | Depths:2 | Slain by a juggernaut

Vault maps used:
D:1:      dpeg_arrival_tiny_g, st_stairs_5, minmay_misc_feat_hallway,
          minmay_nonomino_d4
D:3:      minmay_overflow_temple_hex, uniq_jessica, uniq_ijyb
D:4:      first_bread, serial_shops, shop, uniq_duvessa, uniq_blork_the_orc
D:5:      makhleb_altar_promises_db, nicolae_overflow_hidden_temple,
          cheibrodos_sewer_entry_sluice, serial_shops, shop_statue,
          nicolae_shop_stone, nicolae_shop_statue_plus,
          grunt_dithmenos_smoke_and_mirrors
D:6:      chequers_temple_overflow_minitemple, minmay_temple_entry_butterflies,
          minmay_holes, uniq_pikel
D:7:      kennysheep_mini
D:8:      dpeg_oklobed_lair, basic_altar
D:9:      uniq_joseph, uniq_grum
D:10:     minmay_orc_entry_temple_small, uniq_erica, uniq_psyche
D:12:     minmay_four_partial_circles
D:13:     grunt_vaults_entry_fortified, lab_entry_generic, uniq_azrael
D:14:     serial_bayou_pond_e, uniq_nessos
D:15:     gammafunk_enter_depths_forms, lemuel_blue_sif_altar, spider_trap,
          uniq_sonja
Temple:   compressed_dpeg_triangle_lava_temple
Lair:1:   infiniplex_staircase_pool_2
Lair:2:   regret_index_wax_grids, portal_ice_cave_entry_pillars_1
Lair:3:   spider_nest_entry_web_field, serial_bayou_shore_b
Lair:4:   nicolae_swamp_entry_splash_gauntlet, lightli_volcano_entry_magma_tube
Lair:5:   dpeg_slime_entry_corner, st_stairs_8
Lair:6:   grunt_lair_end_beastmaster, kennysheep_abandoned_house,
          grunt_megastairs_5
Swamp:1:  evilmike_swamp_ruin_house_2
Swamp:2:  cheibrodos_swamp_tower_of_moss, evilmike_swamp_ruin_house_1,
          hangedman_swamp_ravenous
Swamp:3:  evilmike_swamp_ruin_house_4, infiniplex_staircase_pool
Swamp:4:  grunt_swamp_rune_castle, swamp_pool5
Spider:1: uniq_josephine, uniq_louise, uniq_rupert
Spider:3: uniq_arachne
Spider:4: spider_rune_water
Orc:1:    serial_shops, basic_altar
Orc:2:    st_orc_pillars, trog_book
Vaults:1: grunt_vaults_funnel, hangedman_vaults_corner_blocks,
          ontoclasm_vaults_tryst, ontoclasm_vaults_ligature,
          nicolae_vaults_asterisk, hangedman_vaults_unwind, v_misc_26,
          vaults_dpeg_spiral, nicolae_vaults_border_crossing,
          hangedman_vaults_impose, vaults_room_pool,
          ontoclasm_vaults_loading_screen, vaults_dpeg_diagonal
Vaults:2: v_alt_pattern_3, ontoclasm_vaults_decontamination, stair_cage_open,
          nicolae_vaults_quartermaster, hangedman_vaults_cutoff,
          nicolae_vaults_rhombus_7, minmay_crypt_entry_simple_box,
          vaults_mumra_hexcomb, v_misc_19, v_pattern_5, uniq_asterion
Vaults:3: nicolae_vaults_three_branches, hangedman_vaults_stagger,
          nicolae_vaults_meeting, vaults_room_octagon, hangedman_vaults_cutoff,
          vaults_room_fours, nicolae_vaults_shelves_hall,
          vaults_mumra_chevron_long, nicolae_vaults_theta,
          hangedman_vaults_trim, nicolae_vaults_ring_of_whatevers,
          nicolae_vaults_little_squares_1
Vaults:4: hangedman_vaults_stream, vaults_room_glass_cross, v_pattern_4,
          vaults_dpeg_hooks, nicolae_vaults_theta, uniq_jory
Depths:1: minmay_splitting_lines, hell_entry, chequers_big_river,
          grunt_ministairs_13, kennysheep_small_square
Depths:2: hangedman_pleasuredromes, hell_entry
Lab:      labyrinth_watery, lab_fountain, nicolae_lab_statue,
          nicolae_lab_blocks, nicolae_lab_garden
Sewer:    sewer_the_crocodile
IceCv:    ice_cave_caverns_02
Volcano:  volcano_pools

Skill      XL: |  1  2  3  4  5  6  7  8  9 10 11 12 13 14 15 16 17 18 19 20 21 |
---------------+----------------------------------------------------------------+-----
Axes           | 3 4 5 6 8 10 11 12 14 16 17 18 19 20 | 20.0
Fighting       | 3 4 5 6 7 9 10 11 12 13 14 15 16 | 16.9
Invocations    | 2 4 6 8 10 11 12 13 14 15 16 17 18 20 | 20.0
Armour         | 4 6 7 8 9 10 11 12 13 14 | 14.1
Dodging        | 4 6 7 9 10 12 13 | 13.3
Translocations | 5 |  5.6
Spellcasting   | 2 |  2.4
Throwing       | |  1.7

Action                   |  1- 3 |  4- 6 |  7- 9 | 10-12 | 13-15 | 16-18 | 19-21 || total
-------------------------+-------+-------+-------+-------+-------+-------+-------++-------
Melee: War axe           |    88 |   223 |   315 |     4 |    19 |   227 |       ||   876
       Broad axe         |       |       |    32 |   240 |       |       |       ||   272
       Executioner's axe |       |       |       |   516 |   596 |       |       ||  1112
       Battleaxe         |       |       |       |       |   660 |  1188 |  1086 ||  2934
Invok: Deal Four         |       |       |       |       |     4 |     3 |     1 ||     8
Evoke: Wand              |       |     2 |       |       |     1 |       |       ||     3
       Deck              |       |     1 |     7 |    16 |    17 |    34 |    26 ||   101
       Phial of floods   |       |       |       |     1 |       |       |       ||     1
  Use: Scroll            |       |    12 |     7 |    10 |    30 |    11 |     5 ||    75
       Potion            |       |     1 |       |     5 |     1 |     4 |     6 ||    17
 Stab: Sleeping          |     1 |       |       |       |       |       |       ||     1
       Distracted        |       |       |     1 |     1 |     5 |     6 |     2 ||    15
       Petrified         |       |       |       |     6 |    16 |       |       ||    22
       Petrifying        |       |       |       |     1 |     1 |       |       ||     2
       Paralysed         |       |       |       |       |       |     1 |       ||     1
  Eat: Chunk             |     1 |     6 |    15 |    24 |    46 |    14 |    10 ||   116
       Royal jelly       |       |     1 |     1 |     1 |       |     3 |       ||     6
       Fruit             |       |       |       |     2 |     2 |       |       ||     4
       Bread ration      |       |       |       |     1 |     2 |     2 |     3 ||     8
Armor: Leather armour    |    10 |       |       |       |       |       |       ||    10
       Chain mail        |    49 |   161 |   289 |   799 |   676 |       |       ||  1974
       Storm dragon scal |       |       |       |       |   264 |  1259 |   551 ||  2074
Dodge: Dodged            |    56 |    93 |   162 |   504 |   720 |  1094 |   732 ||  3361
